 Dungeon Crawl Stone Soup version 0.22-a0-460-g49b1da7 (webtiles) character file.

9 HDogLeCool the Conjurer (level 2, 0/19 HPs)
             Began as a Human Conjurer on June 8, 2018.
             Hit by a stone thrown by a kobold (2 damage)
             ... on level 1 of the Dungeon.
             The game lasted 00:04:39 (501 turns).

HDogLeCool the Conjurer (Human Conjurer)             Turns: 501, Time: 00:04:40

Health: 0/19       AC:  2    Str:  8    XL:     2   Next: 25%
Magic:  2/5        EV: 12    Int: 15    God:
Gold:   17         SH:  0    Dex: 13    Spells: 4/5 levels left

rFire    . . .     SeeInvis .   e - +0 dagger
rCold    . . .     Gourm    .   (no shield)
rNeg     . . .     Faith    .   h - +0 robe
rPois    .         Spirit   .   (no helmet)
rElec    .         Reflect  .   (no cloak)
rCorr    .         Harm     .   (no gloves)
MR       .....                  (no boots)
Stlth    ++........             (no amulet)
HPRegen  0.06/turn              (no ring)
MPRegen  0.09/turn              (no ring)

@: no status effects
A: no striking features
a: no special abilities


You were on level 1 of the Dungeon.
You were not hungry.

You visited 1 branch of the dungeon, and saw 2 of its levels.

You collected 17 gold pieces.

Inventory:

Hand Weapons
 e - a +0 dagger (weapon)
Missiles
 d - 15 poisoned needles
Armour
 a - a +0 robe
 h - a +0 robe (worn)
Scrolls
 g - a scroll of remove curse
Potions
 f - a potion of invisibility {unknown}
Comestibles
 c - a ration
 i - a chunk of flesh


   Skills:
 + Level 0.2 Fighting
 + Level 0.1 Short Blades
 + Level 0.2 Armour
 + Level 2.0 Dodging
 - Level 2.0 Stealth
 + Level 2.1 Spellcasting
 * Level 4.2 Conjurations


You had 4 spell levels left.
You knew the following spells:

 Your Spells              Type           Power        Failure   Level  Hunger
a - Magic Dart            Conj           ##..         3%          1    #......

Your spell library contained the following spells:

 Spells                   Type           Power        Failure   Level  Hunger
 Iskenderun's Mystic Bla  Conj           ##......     36%         4    #####..
 Fulminant Prism          Conj/Hex       #.........   67%         4    #####..
 Dazzling Spray           Conj/Hex       #.....       28%         3    ###....
 Force Lance              Conj/Tloc      #.......     67%         4    #####..
 Searing Ray              Conj           ##....       6%          2    ###....


Dungeon Overview and Level Annotations

Branches:
Dungeon (2/15)

Altars:


Message History

A bat and a hobgoblin come into view.
A goblin and a hobgoblin come into view.
The hobgoblin shouts!
A hobgoblin comes into view. It is wielding a club.
Found a scroll of teleportation.
The goblin shouts!
As you read the scroll of teleportation, it crumbles to dust.
You feel strangely unstable. The hobgoblin hits you with a club.
* * * LOW HITPOINT WARNING * * *
The goblin hits you but does no damage.
Your surroundings suddenly seem different.
Found a ration.
A kobold comes into view. It is wielding a short sword.
A kobold is nearby!
A kobold is nearby!
A kobold is nearby!
The kobold shouts!
The kobold throws a stone.
The stone hits you.
You die...

.##.#####.## .....#
.# ####..#
.##..####.#
##........
###.......#
##......... #
###....##
#.......... #.##.#
#.......... #....##
#..........
.....#...#
##..........
########.#
##..@...K....
####.###..#.........
#..........#........
#..........###..#%.#
#..........# .## .#
# #..........# #
................#
.###............#
#.#..........#


You could see a kobold.

Vanquished Creatures
  2 goblins (D:1)
  2 hobgoblins (D:1)
  A bat (D:1)
  2 frilled lizards (D:1)
  2 kobolds (D:1)
  A rat (D:1)
10 creatures vanquished.

Notes
Turn   | Place    | Note
-------+----------+-------------------------------------------
     0 | D:1      | HDogLeCool the Human Conjurer began the quest for the Orb.
     0 | D:1      | Reached XP level 1. HP: 13/13 MP: 3/3
   138 | D:1      | Reached XP level 2. HP: 12/19 MP: 1/5
   501 | D:1      | Hit by a stone thrown by a kobold

Vault maps used:
D:1:      nicolae_arrival_washed_ashore

Action                   || total
-------------------------++-------
Melee: Dagger            ||    11
       Club              ||     1
       Unarmed           ||     1
 Cast: Magic Dart        ||    22
  Use: Scroll            ||     3
Armor: Robe              ||     3
Dodge: Dodged            ||     6

Table legend:
 A = Spawn XP
 B = Non-spawn XP
 C = Spawn XP percentage of total XP
 D = Spawn monster count
 E = Non-spawn monster count
 F = Spawn count percentage of total count
 G = Total turns spent on level
                    A         B        C        D         E        F      G
               +---------+---------+-------+---------+---------+-------+---------
         Total |       0 |      14 |   0.0 |       0 |      10 |   0.0 |   501
               +---------+---------+-------+---------+---------+-------+---------
           D:1 |       0 |      14 |   0.0 |       0 |      10 |   0.0 |   481
               +---------+---------+-------+---------+---------+-------+---------
